 Dungeon Crawl Stone Soup version 0.21.1-1-g345015f (webtiles) character file.

9578 inc the Thaumaturge (level 11, -2/50 HPs)
             Began as a Felid Air Elementalist on Mar 1, 2018.
             Was a High Priest of Vehumet.
             Slain by a red draconian
             ... wielding a +2 flail of flaming
              (3 damage)
             ... in a volcano on Mar 2, 2018.
             The game lasted 01:12:12 (24999 turns).

inc the Thaumaturge (Felid Air Elementalist)       Turns: 24999, Time: 01:12:13

Health: -2/50      AC:  3    Str:  9    XL:     11   Next: 24%
Magic:  7/44       EV: 25    Int: 21    God:    Vehumet [*****.]
Gold:   252        SH:  0    Dex: 17    Spells: 3/31 levels left
                                        Lives:  0   Deaths: 3

rFire    + . .     SeeInvis +   (weapon unavailable)
rCold    + + .     Gourm    .   (shield unavailable)
rNeg     . . .     Faith    .   (armour unavailable)
rPois    +         Spirit   .   (helmet unavailable)
rElec    +         Reflect  .   (cloak unavailable)
rCorr    +         Harm     .   (gloves unavailable)
MR       +....                  (boots unavailable)
Stlth    +++.......             (no amulet)
HPRegen  0.16/turn              m - ring of magical power
MPRegen  0.29/turn              E - ring of magical power

@: mighty, sluggish, resistant, deflect missiles, slow
A: very small, no armour, no weapons or thrown items, stealth, claws 1, fangs 3,
see invisible, carnivore, speed 1, shaggy fur 3, slow metabolism 1, sharp paws
a: Renounce Religion


You were in a volcano.
You worshipped Vehumet.
Vehumet was extremely pleased with you.
You were full.

You visited 4 branches of the dungeon, and saw 18 of its levels.
You also visited: Sewer and Volcano.

You collected 1097 gold pieces.
You spent 845 gold pieces at shops.

Inventory:

Jewellery
 m - a ring of magical power (left paw)
 E - a ring of magical power (right paw)
 F - the ring "Ewkazokk" {Str+3 SInv Stlth+}
   (You acquired it on level 12 of the Dungeon)

   [ring of stealth]

   It affects your strength (+3).
   It lets you see invisible.
   It makes you more stealthy.
 G - the ring "Duheol" {Ice *Drain *Slow rElec Int+7}
   (You took it off a wight on level 8 of the Dungeon)

   [ring of ice]

   It enhances your ice magic.
   It affects your intelligence (+7).
   It makes you vulnerable to fire.
   It protects you from cold.
   It insulates you from electricity.
   It causes draining when unequipped.
   It may slow you when you take damage.
 H - an uncursed ring of see invisible
 L - an uncursed ring of loudness
 P - an uncursed ring of positive energy
Wands
 c - a wand of disintegration (10)
 z - a wand of digging (17)
 C - a wand of polymorph (11)
 I - a wand of random effects (28)
 O - a wand of scattershot (7)
 Q - a wand of flame (31)
Scrolls
 d - 2 scrolls of immolation
 f - 4 scrolls of enchant weapon
 h - 2 scrolls of blinking
 j - 6 scrolls of teleportation
 p - 4 scrolls of fear
 r - a scroll of noise
 t - 3 scrolls of enchant armour
 w - 3 scrolls of remove curse
 B - a scroll of magic mapping
 S - a scroll of identify
Potions
 e - 3 potions of cancellation
 g - 2 potions of brilliance
 i - 2 potions of might
 k - 2 potions of haste
 l - 6 potions of flight
 o - 2 potions of curing
 q - 2 potions of lignification
 s - a potion of mutation
 u - 5 potions of ambrosia
 x - a potion of degeneration
Books
 a - a book of Air

   Spells                             Type                      Level
   a - Shock                          Conjuration/Air              1
   b - Swiftness                      Charms/Air                   2
   c - Static Discharge               Conjuration/Air              3
   d - Airstrike                      Air                          4
   e - Lightning Bolt                 Conjuration/Air              5
 v - a book of Necromancy

   Spells                             Type                      Level
   a - Pain                           Necromancy                   1
   b - Animate Skeleton               Necromancy                   1
   c - Vampiric Draining              Necromancy                   3
   d - Regeneration                   Charms/Necromancy            3
   e - Animate Dead                   Necromancy                   4
   f - Borgnjor's Vile Clutch         Necromancy/Earth             5
 y - a book of Battle

   Spells                             Type                      Level
   a - Infusion                       Charms                       1
   b - Shroud of Golubria             Charms/Translocation         2
   c - Song of Slaying                Charms                       2
   d - Spectral Weapon                Hexes/Charms                 3
   e - Regeneration                   Charms/Necromancy            3
 D - a book of Conjurations

   Spells                             Type                      Level
   a - Magic Dart                     Conjuration                  1
   b - Searing Ray                    Conjuration                  2
   c - Dazzling Spray                 Conjuration/Hexes            3
   d - Fulminant Prism                Conjuration/Hexes            4
   e - Force Lance                    Conjuration/Translocation    4
   f - Iskenderun's Mystic Blast      Conjuration                  4
 N - a book of Misfortune

   Spells                             Type                      Level
   a - Confusing Touch                Hexes                        1
   b - Confuse                        Hexes                        3
   c - Gell's Gravitas                Translocation                3
   d - Petrify                        Transmutation/Earth          4
   e - Metabolic Englaciation         Hexes/Ice                    5
   f - Yara's Violent Unravelling     Hexes/Transmutation          5
 T - a book of the Sky

   Spells                             Type                      Level
   a - Summon Lightning Spire         Summoning/Air                4
   b - Silence                        Hexes/Air                    5
   c - Deflect Missiles               Charms/Air                   6
   d - Conjure Ball Lightning         Conjuration/Air              6
   e - Tornado                        Air                          9
Comestibles
 b - 32 rations


   Skills:
 - Level 7.0 Fighting
 - Level 9.8 Dodging
 - Level 2.6 Stealth
 - Level 10.7 Spellcasting
 - Level 9.0 Conjurations
 + Level 9.8 Charms
 - Level 3.8 Summonings
 - Level 9.0 Air Magic


You had 3 spell levels left.
You knew the following spells:

 Your Spells              Type           Power        Failure   Level  Hunger
a - Shock                 Conj/Air       ####         1%          1    None
b - Static Discharge      Conj/Air       #####...     1%          3    None
c - Airstrike             Air            #####.....   1%          4    ##.....
d - Lightning Bolt        Conj/Air       #####.....   1%          5    ####...
e - Swiftness             Chrm/Air       ######..     1%          2    None
f - Ignite Poison         Fire/Tmut/Pois ##......     5%          3    None
g - Deflect Missiles      Chrm/Air       ######....   19%         6    ######.
h - Summon Lightning Spi  Summ/Air       #####...     4%          4    ##.....


Dungeon Overview and Level Annotations

Branches:
Dungeon (13/15)            Temple (1/1) D:4            Lair (3/6) D:9
    Orc (1/2) D:12
  Swamp: Lair:2-4    Shoals: Lair:2-4     Snake: Lair:2-4    Spider: Lair:2-4
 Vaults: D:13-14

Altars:
Ashenzari
Cheibriados
Dithmenos
Elyvilon
Fedhas
Gozag
Hepliaklqana
Kikubaaqudgha
Makhleb
Nemelex Xobeh
Okawaru
Qazlal
Ru
Sif Muna
Trog
Uskayaw
Vehumet
Wu Jian
Xom
Yredelemnul
Zin
The Shining One

Shops:
D:12 :   D:13 }

Annotations:
D:4 Pikel
Lair:1 Fannar


Innate Abilities, Weirdness & Mutations

You cannot wear armour.
You are incapable of wielding weapons or throwing items.
Your paws allow you to move quietly. (Stealth)
You have sharp claws.
You have razor-sharp teeth.
You have supernaturally acute eyesight. (SInv)
You are carnivorous and can eat meat at any time.
You cover ground quickly.
Your thick and shaggy fur keeps you warm. (AC +3, rC+)
You have a slow metabolism.
Your sharp claws are effective at attacking unaware monsters.


Message History

The red draconian is heavily wounded.
The red draconian breathes flames at you.
The searing blast misses you. The lava snake spits lava at you.
You deflect the glob of lava!
Your lightning spire disappears in a puff of smoke!
The red draconian hits you with a flail of flaming!
* * * LOW HITPOINT WARNING * * *
The red draconian burns you.
* * * LOW HITPOINT WARNING * * *
There is an open door, spattered with blood here.
You start to feel a little faster.
You feel better.
The red draconian breathes flames at you.
The searing blast misses you.
You feel better.
The red draconian hits you with a flail of flaming!!
* * * LOW HITPOINT WARNING * * *
The red draconian burns you.
You die...

§§≈≈≈§§.≈..)(.#
§§≈≈§≈≈....§..#
..≈≈≈≈.....).##
...≈......))##
....§..##8)8#
#...... ##.##
##....# #.#
#########d## #####
##....##@..##....##
#.....)'(∩.'.....$#
#.8..⌠.#(..#.⌠..8$#
#......##'##.....$#
##..§.##...##....##
###8###...###8###
#..['._.').[#
#.[$$#...#$$%.#
#######.#######


You could see a red draconian.

Vanquished Creatures
  A stone giant (Orc:1)
  Snorg (D:13)
  3 two-headed ogres
  A centaur warrior (Volcano)
  Sonja (D:13)
  2 unseen horrors
  An ugly thing (D:11)
  A cyclops (D:11)
  A deep elf mage (D:13)
  A centaur zombie (D:13)
  4 spiny frogs
  3 gargoyles
  A komodo dragon (Lair:1)
  3 yaktaurs (Volcano)
  2 trolls
  2 hornets
  Prince Ribbit (D:8)
  4 hippogriffs
  23 yaks
  2 wyverns (D:9)
  A wraith (D:13)
  A tarantella (shapeshifter) (D:11)
  A basilisk (Lair:2)
  6 fire bats (Volcano)
  A hungry ghost (D:12)
  A steam dragon (D:9)
  2 soldier ants
  7 water moccasins
  3 porcupines
  6 black bears
  7 ice beasts
  4 sky beasts
  5 orc warriors
  2 hornet zombies
  2 necrophages
  2 phantoms
  An eye of draining (D:11)
  8 ogres
  9 centaurs
  3 crocodiles
  3 big kobolds
  9 bullfrogs
  2 scorpions
  A killer bee (D:12)
  12 wights
  6 howler monkeys
  4 lava snakes (Volcano)
  A bullfrog zombie (D:12)
  5 crimson imps
  3 bullfrog skeletons
  A gnoll shaman (D:8)
  9 orc priests
  3 hounds
  14 orc wizards
  A centaur skeleton (D:7)
  3 iguanas
  5 worker ants
  A howler monkey zombie (D:5)
  7 gnolls
  19 adders
  2 river rats
  4 shadow imps
  An ooze (D:2)
  3 worms
  An adder skeleton (D:4)
  4 dart slugs
  6 leopard geckos
  63 orcs
  6 bats
  9 giant cockroaches
  7 goblins
  13 hobgoblins
  14 jackals
  6 quokkas
  2 ball pythons
  7 frilled lizards
  23 kobolds
  A quokka skeleton (D:5)
  13 rats
  A plant (Lair:2)
425 creatures vanquished.

Vanquished Creatures (collateral kills)
  A molten gargoyle (Volcano)
  An orc warrior (Orc:1)
  A centaur (Volcano)
  An orc wizard (Orc:1)
  2 orcs (Orc:1)
6 creatures vanquished.

Vanquished Creatures (others)
  A wizard (D:6)
  An orc (D:9)
2 creatures vanquished.

Grand Total: 433 creatures vanquished

Notes
Turn   | Place    | Note
-------+----------+-------------------------------------------
     0 | D:1      | inc the Felid Air Elementalist began the quest for the Orb.
     0 | D:1      | Reached XP level 1. HP: 7/7 MP: 4/4
    73 | D:1      | Reached skill level 1 in Conjurations
   518 | D:1      | Reached XP level 2. HP: 11/11 MP: 4/6
  1308 | D:1      | Reached XP level 3. HP: 14/14 MP: 1/7
  2670 | D:2      | Reached XP level 4. HP: 15/18 MP: 5/8
  3638 | D:3      | Found a glowing drain.
  3753 | Sewer    | Entered a sewer
  3852 | Sewer    | Reached XP level 5. HP: 21/21 MP: 3/9
  4108 | Sewer    | Learned a level 3 spell: Static Discharge
  4217 | Sewer    | Found a white marble altar of Elyvilon.
  4324 | D:3      | Reached skill level 1 in Fighting
  4658 | D:3      | Gained mutation: You are covered in thick fur. (AC +2) [Felid growth]
  4658 | D:3      | Reached XP level 6. HP: 26/26 MP: 3/10
  5600 | D:4      | Noticed Pikel
  5614 | D:4      | Noticed a slave
  6026 | D:4      | Found a staircase to the Ecumenical Temple.
  6036 | Temple   | Entered the Ecumenical Temple
  6264 | Temple   | Became a worshipper of Vehumet
  6466 | D:4      | Reached XP level 7. HP: 32/32 MP: 11/11
  6676 | D:5      | Entered Level 5 of the Dungeon
  6915 | D:5      | Reached skill level 5 in Conjurations
  6916 | D:5      | Reached skill level 5 in Air Magic
  6971 | D:5      | Found an iron altar of Okawaru.
  7198 | D:5      | Found an opulent altar of Gozag.
  8173 | D:6      | Reached * piety under Vehumet
  8173 | D:6      | Offered knowledge of Sting by Vehumet.
  8173 | D:6      | Reached XP level 8. HP: 36/36 MP: 12/12
  8222 | D:6      | Found a bloodstained altar of Trog.
  9076 | D:6      | Found a bloodstained altar of Trog.
  9077 | D:6      | Noticed a wizard
  9083 | D:6      | Killed a wizard
  9404 | D:7      | Found a stormy altar of Qazlal.
  9434 | D:7      | Reached skill level 5 in Dodging
  9803 | D:7      | Offered knowledge of Magic Dart by Vehumet.
  9813 | D:7      | Reached ** piety under Vehumet
 10017 | D:7      | Reached skill level 3 in Spellcasting
 10205 | D:7      | Reached XP level 9. HP: 35/39 MP: 14/14
 10458 | D:7      | Reached skill level 4 in Spellcasting
 10597 | D:7      | Reached skill level 5 in Spellcasting
 10903 | D:8      | Reached skill level 6 in Spellcasting
 10937 | D:8      | Offered knowledge of Mephitic Cloud by Vehumet.
 10987 | D:8      | Learned a level 4 spell: Airstrike
 10993 | D:8      | Learned a level 5 spell: Lightning Bolt
 10996 | D:8      | Learned a level 2 spell: Swiftness
 11042 | D:8      | Reached *** piety under Vehumet
 11088 | D:8      | Noticed Prince Ribbit
 11095 | D:8      | Killed Prince Ribbit
 11220 | D:8      | Blown up by a wight
 11221 | D:8      | Reached XP level 8. HP: 0/36 MP: 2/36
 11247 | D:8      | Killed a hippogriff
 11247 | D:8      | Reached XP level 9. HP: 39/39 MP: 19/19
 11304 | D:8      | Got a translucent gossamer ring
 11408 | D:8      | Identified the ring "Duheol" {Ice *Drain *Slow rElec Int+7} (You took it off a wight on level 8 of the Dungeon)
 11439 | D:8      | Found a glowing silver altar of Zin.
 11742 | D:9      | Offered knowledge of Ignite Poison by Vehumet.
 11785 | D:9      | Noticed a two-headed ogre
 11949 | D:8      | Learned a level 3 spell: Ignite Poison
 12783 | D:9      | Found a staircase to the Lair.
 12893 | D:9      | Found a glowing golden altar of the Shining One.
 13266 | D:9      | Killed a two-headed ogre
 13266 | D:9      | Reached XP level 10. HP: 35/42 MP: 13/20
 13274 | D:9      | Reached **** piety under Vehumet
 14094 | D:10     | Entered Level 10 of the Dungeon
 14460 | D:10     | Offered knowledge of Irradiate by Vehumet.
 14499 | D:10     | Reached skill level 1 in Charms
 14576 | D:10     | Reached skill level 5 in Fighting
 14956 | D:10     | Noticed a two-headed ogre
 14961 | D:10     | Killed a two-headed ogre
 15371 | D:10     | Noticed a two-headed ogre
 15409 | D:10     | Killed a two-headed ogre
 15735 | D:10     | Noticed an unseen horror
 15740 | D:10     | Killed an unseen horror
 15740 | D:10     | Reached XP level 11. HP: 41/48 MP: 21/21
 15914 | D:11     | Noticed a cyan ugly thing
 16107 | D:11     | Found an ancient bone altar of Kikubaaqudgha.
 16872 | D:11     | Killed a cyan ugly thing
 17973 | D:11     | Reached skill level 7 in Spellcasting
 18503 | D:12     | Noticed an unseen horror
 18507 | D:12     | Killed an unseen horror
 18507 | D:12     | Reached skill level 8 in Spellcasting
 18654 | D:12     | Reached ***** piety under Vehumet
 18664 | D:12     | Offered knowledge of Poison Arrow by Vehumet.
 19264 | D:12     | Reached skill level 9 in Spellcasting
 19838 | D:12     | Found a staircase to the Orcish Mines.
 19880 | D:12     | Found Ypepedu's Book Shoppe.
 20217 | D:13     | Noticed a deep elf mage
 20222 | D:13     | Noticed Sonja
 20235 | D:13     | Noticed an orb spider
 20235 | D:13     | a black mamba changed into an orb spider
 20251 | D:13     | Noticed a centaur warrior
 20251 | D:13     | HP: 1/50 [centaur warrior/arrow (3)]
 20252 | D:13     | Blown up by an orb spider (shapeshifter)
 20253 | D:13     | Reached XP level 10. HP: -38/47 MP: 36/42
 20306 | D:13     | Noticed a gargoyle
 20314 | D:13     | Killed a gargoyle
 20314 | D:13     | Reached skill level 10 in Spellcasting
 20314 | D:13     | Reached XP level 11. HP: 35/50 MP: 26/26
 20451 | D:13     | Noticed Snorg
 20460 | D:13     | Killed Snorg
 20596 | D:13     | Noticed a tengu warrior
 20596 | D:13     | Noticed a tengu warrior
 20971 | Lair:1   | Entered Level 1 of the Lair of Beasts
 20971 | Lair:1   | Found a stormy altar of Qazlal.
 21331 | Lair:1   | Noticed Fannar
 21739 | D:12     | Bought a book of the Sky for 845 gold pieces
 21748 | D:12     | Learned a level 6 spell: Deflect Missiles
 21753 | D:12     | Learned a level 4 spell: Summon Lightning Spire
 21771 | D:13     | Found Sanairr's Gadget Shop.
 21777 | D:13     | Killed a deep elf mage
 21777 | D:13     | Reached skill level 1 in Summonings
 22057 | D:13     | Killed Sonja
 22393 | Orc:1    | Entered Level 1 of the Orcish Mines
 22414 | D:12     | Identified a scroll of acquirement
 22415 | D:12     | Got an ancient platinum ring
 22417 | D:12     | Identified the ring "Ewkazokk" {Str+3 SInv Stlth+} (You acquired it on level 12 of the Dungeon)
 22576 | Orc:1    | Noticed a stone giant
 22587 | Orc:1    | Killed a stone giant
 22587 | Orc:1    | Reached skill level 5 in Charms
 24460 | Lair:3   | Found a dark tunnel.
 24470 | Volcano  | Entered a volcano
 24496 | Volcano  | Gained mutation: Your thick and shaggy fur keeps you warm. (AC +3, rC+) [Felid growth]
 24496 | Volcano  | Reached XP level 12. HP: 54/54 MP: 27/27
 24758 | Volcano  | Found a bloodstained altar of Trog.
 24758 | Volcano  | Noticed a centaur warrior
 24758 | Volcano  | Shot with an arrow by a centaur warrior
 24759 | Volcano  | Reached XP level 11. HP: -6/50 MP: 43/44
 24770 | Volcano  | Killed a centaur warrior
 24778 | Volcano  | Offered knowledge of Spellforged Servitor by Vehumet.
 24941 | Volcano  | Noticed a red draconian
 24999 | Volcano  | HP: 1/50 [red draconian/flail of flaming (22)]
 24999 | Volcano  | Slain by a red draconian

Skill      XL: |  1  2  3  4  5  6  7  8  9 10 11 12 |
---------------+-------------------------------------+-----
Conjurations   | 1 2 3 4 5 6 8 9 |  9.0
Air Magic      | 3 4 5 6 8 9 |  9.0
Fighting       | 1 4 5 7 |  7.0
Dodging        | 6 9 |  9.8
Spellcasting   | 3 6 10 9 | 10.7
Charms         | 3 8 9 |  9.8
Summonings     | 3 |  3.8
Stealth        | |  2.6

Action                   |  1- 3 |  4- 6 |  7- 9 | 10-12 || total
-------------------------+-------+-------+-------+-------++-------
Melee: Unarmed           |     4 |    13 |     1 |    18 ||    36
       Bite              |       |       |       |     4 ||     4
 Cast: Shock             |   105 |   191 |   354 |   130 ||   780
       Airstrike         |       |       |    33 |   299 ||   332
       Static Discharge  |       |       |    14 |    46 ||    60
       Lightning Bolt    |       |       |    13 |    77 ||    90
       Swiftness         |       |       |     1 |    13 ||    14
       Summon Lightning  |       |       |       |     5 ||     5
       Deflect Missiles  |       |       |       |     1 ||     1
  Use: Scroll            |       |     3 |     8 |    16 ||    27
       Potion            |       |       |       |     9 ||     9
  Eat: Chunk             |     3 |    18 |    17 |    60 ||    98
       Ration            |       |       |       |     1 ||     1
Armor: Skin              |     5 |     1 |     4 |     5 ||    15
Dodge: Dodged            |    43 |    40 |    86 |   196 ||   365
       Deflected         |       |       |       |     7 ||     7
